 Dungeon Crawl Stone Soup version 0.28.0 (webtiles) character file.

Game seed: 35042103096151876

21 Morbidden the Skirmisher (level 2, -3/25 HPs)
             Began as a Palentonga Fighter on Feb 7, 2022.
             Slain by a gnoll (7 damage)
             ... on level 1 of the Dungeon.
             The game lasted 00:01:38 (1173 turns).

Morbidden the Skirmisher (Palentonga Fighter)       Turns: 1173, Time: 00:01:39

Health: -3/25      AC:  6    Str: 19    XL:     2   Next: 62%
Magic:  2/2        EV:  7    Int:  8    God:
Gold:   44         SH:  4    Dex:  9    Spells: 1/1 levels left

rFire   . . .      SeeInvis +   a - +0 war axe
rCold   + . .      Faith    .   c - +0 buckler
rNeg    . . .      Spirit   .   b - +0 scale mail
rPois   .          Reflect  .   (no helmet)
rElec   .          Harm     .   (no cloak)
rCorr   .          Rampage  .   (no gloves)
Will    .....                   (no barding)
Stlth   ..........              (no amulet)
HPRegen 0.08/turn               l - ring of protection from cold
MPRegen 0.08/turn               (no ring)

@: no status effects
A: large, rugged brown scales 3, see invisible, deformed body, roll 1, armoured
tail
a: Rolling Charge


You were on level 1 of the Dungeon.
You visited 1 branch of the dungeon, and saw 2 of its levels.

You collected 44 gold pieces.

Inventory:

Hand Weapons
 a - a +0 war axe (weapon)
Armour
 b - a +0 scale mail (worn)
 c - a +0 buckler (worn)
 o - an orb of energy
Jewellery
 l - a ring of protection from cold (left hand)
Scrolls
 f - a scroll of enchant weapon {unknown}
 g - 2 scrolls of magic mapping {unknown}
 h - a scroll of identify {unknown}
 i - a scroll of torment {unknown}
 j - a scroll of holy word {unknown}
 m - a scroll of teleportation {unknown}
 n - a scroll of silence {unknown}
Potions
 d - a potion of might
 e - a potion of berserk rage {unknown}
 k - a potion of flight {unknown}


   Skills:
 + Level 3.2 Fighting
 + Level 2.2 Axes
 + Level 2.7 Armour
 + Level 2.7 Shields


You had one spell level left.
You didn't know any spells.
Your spell library was empty.

Dungeon Overview and Level Annotations

Branches:
Dungeon (2/15)

Altars:


Innate Abilities, Weirdness & Mutations

You are completely covered in rugged brown scales. (AC +3, +7% HP)
You have supernaturally acute eyesight. (SInv)
Armour fits poorly on your strangely shaped body.
You can roll at nearby foes to attack.
You have a long armoured tail.


Message History

No target in view!
No target in view!
No target in view!
You see here an orb of energy.
You see here an orb of energy.
o - an orb of energy
Okay, then.
Unknown command.
l - a ring of protection from cold (left hand)
Okay, then.
Unknown command.
A gnoll comes into view. It is wielding a +0 spear.
The gnoll shouts!
You hear a shout! x2 2 gnolls come into view.
The gnoll shouts! x2
A gnoll comes into view. It is wielding a +0 flail.
Found a stone staircase leading down.
The gnoll shouts!
The gnoll hits you but does no damage. The gnoll hits you with a +0 spear.
There are monsters nearby!
You barely miss the gnoll.
Your tail-slap misses the gnoll.
You slash the gnoll!
The gnoll hits you from afar with a +0 spear.
The gnoll hits you with a +0 whip. The gnoll hits you with a +0 spear.
The gnoll hits you with a +0 flail. The gnoll barely misses you. x2
You are too injured to fight recklessly!
You are too injured to fight recklessly!
Unknown command.
The gnoll barely misses you. The gnoll hits you with a +0 flail.
You see here a +0 dagger.
There is a stone staircase leading up here.
You block the gnoll's attack.
You climb upwards.
There is a stone staircase leading down here.
Unknown command.
You closely miss the gnoll. The gnoll hits you with a +0 flail!
* * * LOW HITPOINT WARNING * * *
The gnoll hits you with a +0 flail!
You die...

#########..############.#
#.......)...............#
#.########.##############
#.# ######.##########
#####.# #...............#
....#.# #.####..#######.#
.####.# #.# #..## #.#
.####.# #.# ###..######.#
....#.# #.# #...@.......#
.##.#.# #.# #....g......#
.#..#(# #.# #...........#
......###.# #...........#
........#.# #...........#
....#...#.# #...........#
..#.#...#.# #...........#
....#...#.# #.#########.#
.#..#...#.# #.# #.#


You could see a gnoll.

Vanquished Creatures
  4 bats (D:1)
  2 endoplasms (D:1)
  A giant cockroach (D:1)
  3 goblins
  3 hobgoblins (D:1)
  2 frilled lizards (D:1)
  2 kobolds (D:1)
  2 rats (D:1)
19 creatures vanquished.

Notes
Turn   | Place    | Note
-------+----------+-------------------------------------------
     0 | D:1      | Morbidden the Palentonga Fighter began the quest for the
                  | Orb.
     0 | D:1      | Reached XP level 1. HP: 19/19 MP: 1/1
   520 | D:1      | Reached XP level 2. HP: 24/25 MP: 2/2
  1173 | D:1      | Slain by a gnoll

Illustrated notes

Levels and vault maps discovered:
D:1:      dpeg_arrival_more_subterranean_lakeside_camping, layout_basic
D:2:      layout_basic, due_unseen_surprise

Action                   || total
-------------------------++-------
Melee: War axe           ||    62
       Tailslap          ||     4
 Abil: Rolling Charge    ||     1
Armor: Scale mail        ||    52
Dodge: Dodged            ||    28
Block: Buckler           ||    12
